 Dungeon Crawl Stone Soup version 0.28.0 (webtiles) character file.

Game seed: 15563097679247112492

3446 GrayStillPlays the Blocker (level 10, -9/80 HPs)
             Began as a Gnoll Fighter on Feb 15, 2022.
             Was an Elder of Okawaru.
             Mangled by an ice devil (22 damage)
             ... on level 8 of the Dungeon.
             The game lasted 00:17:28 (9806 turns).

GrayStillPlays the Blocker (Gnoll Fighter)          Turns: 9806, Time: 00:17:29

Health: -9/80      AC:  8    Str: 19    XL:     10   Next: 6%
Magic:  26/26      EV: 13    Int:  9    God:    Okawaru [****..]
Gold:   422        SH:  6    Dex: 15    Spells: 15/18 levels left

rFire   . . .      SeeInvis .   H - +2 hand axe (venom) {axe}
rCold   . . .      Faith    +   c - +0 buckler
rNeg    . . .      Spirit   .   I - +4 robe of the Monkey's Uncle {MP+9 Dex+4}
rPois   .          Reflect  .   (no helmet)
rElec   .          Harm     .   (no cloak)
rCorr   .          Rampage  .   l - +0 pair of gloves
Will    .....                   (no boots)
Stlth   +++.......              z - amulet of faith {!P}
HPRegen 0.23/turn               (no ring)
MPRegen 0.20/turn               (no ring)

@: no status effects
A: fangs 1, strong nose, distributed training
a: Renounce Religion, Heroism, Finesse


You were on level 8 of the Dungeon.
You worshipped Okawaru.
Okawaru was greatly pleased with you.
You visited 2 branches of the dungeon, and saw 9 of its levels.
You also visited: Ossuary.

You collected 422 gold pieces.


Innate Abilities, Weirdness & Mutations

You have very sharp teeth.
Your uncanny sense of smell can sniff out nearby items.
Your experience applies equally to all skills.


   Skills:
 + Level 8.2 Fighting
 + Level 4.9 Short Blades
 + Level 4.9 Long Blades
 + Level 6.7 Axes
 + Level 4.9 Maces & Flails
 + Level 4.9 Polearms
 + Level 4.9 Staves
 + Level 4.9 Slings
 + Level 4.9 Bows
 + Level 4.9 Crossbows
 + Level 4.9 Throwing
 + Level 8.2 Armour
 + Level 4.9 Dodging
 + Level 4.9 Stealth
 + Level 8.2 Shields
 + Level 4.9 Unarmed Combat
 + Level 4.9 Spellcasting
 + Level 4.0 Conjurations
 + Level 4.0 Hexes
 + Level 4.0 Summonings
 + Level 4.0 Necromancy
 + Level 4.0 Translocations
 + Level 4.0 Transmutations
 + Level 4.0 Fire Magic
 + Level 4.0 Ice Magic
 + Level 4.0 Air Magic
 + Level 4.0 Earth Magic
 + Level 4.0 Poison Magic
 + Level 5.3 Invocations
 + Level 4.9 Evocations


You had 15 spell levels left.
You knew the following spells:

 Your Spells              Type           Power      Damage    Failure   Level
a - Inner Flame           Hex/Fire       9%         N/A       17%         3

Your spell library contained the following spells:

 Spells                   Type           Power      Damage    Failure   Level
 Cause Fear               Hex            4%         N/A       50%         4
 Borgnjor's Vile Clutch   Necr/Erth      4%         N/A       85%         5
 Discord                  Hex            4%         N/A       100%        8
 Animate Dead             Necr           Unusable   N/A       N/A         4
 Death Channel            Necr           Unusable   N/A       N/A         6

Inventory:

Hand Weapons
 a - a +0 war axe {axe}
 r - a +2 dagger of freezing {short}
   (You took it off a kobold on level 3 of the Dungeon)
 H - a +2 hand axe of venom (weapon) {axe}
   (You took it off an orc on level 5 of the Dungeon)
 Q - a +2 spear of venom {polearm}
   (You took it off a gnoll on level 7 of the Dungeon)
 S - a +2 shortbow of freezing {bow}
   (You took it off a centaur on level 7 of the Dungeon)
Missiles
 e - 178 stones (quivered) {throwing}
 i - 122 arrows
 m - 33 sling bullets
 s - 35 poisoned darts {throwing}
 x - 4 boomerangs {throwing}
 A - 13 bolts
 D - a curare-tipped dart {=fthrowing}
 R - 6 javelins {throwing}
Armour
 c - a +0 buckler (worn)
 l - a +0 pair of gloves (worn)
   (You found it on level 2 of the Dungeon)
 n - a +2 robe of resistance
   (You took it off Jessica on level 2 of the Dungeon)
 y - +0 steam dragon scales
   (You found it on level 4 of the Dungeon)
 I - the +4 robe of the Monkey's Uncle (worn) {MP+9 Dex+4}
   (You took it off a centaur on level 7 of the Dungeon)

   Dex:       It affects your dexterity (+4).
   MP:        It affects your magic capacity (+9).
Jewellery
 z - an amulet of faith (around neck) {!P}
   (You found it on level 4 of the Dungeon)
Wands
 E - a wand of polymorph (7)
   (You found it on level 5 of the Dungeon)
 G - a wand of acid (8)
   (You found it on level 5 of the Dungeon)
 J - a wand of mindburst (14)
   (You found it on level 6 of the Dungeon)
 O - a wand of paralysis (8)
   (You found it on level 8 of the Dungeon)
Scrolls
 b - a scroll of fog {unknown}
 h - 2 scrolls of teleportation {@r4}
 j - 2 scrolls of holy word
 k - 3 scrolls of vulnerability {!r!r}
 o - a scroll of torment {unknown}
 p - a scroll of enchant weapon {unknown}
 q - 2 scrolls of brand weapon {unknown}
 u - a scroll of noise {!r}
 v - a scroll of magic mapping {unknown}
 C - 4 scrolls of amnesia
 L - 2 scrolls of blinking {unknown}
 M - a scroll of enchant armour {unknown}
 P - a scroll of immolation {unknown}
Potions
 d - a potion of might
 f - 8 potions of curing {@q1}
 g - 2 potions of degeneration {unknown}
 t - 2 potions of flight
 w - 2 potions of cancellation
 B - a potion of lignification {unknown}
 F - 2 potions of brilliance {unknown}
 K - 2 potions of attraction {!q}
 N - a potion of haste {@q3}

Dungeon Overview and Level Annotations

Branches:
Dungeon (8/15)             Temple (1/1) D:4         Ossuary (visited)
   Lair: D:8-11

Altars:
Cheibriados
Dithmenos
Elyvilon
Fedhas
Gozag
Hepliaklqana
Kikubaaqudgha
Makhleb
Nemelex Xobeh
Okawaru
Qazlal
Ru
Trog
Uskayaw
Vehumet
Wu Jian
Xom
Yredelemnul
Zin
The Shining One

Annotations:
D:3 3 runed translucent doors, Owwww's ghost, amateur DsFi

#.#
#.#.........................
#.#
#.#.#####..#.........##.####
#.# #..............#.....#....
#.# #.......#...........###.
...
#.####..................##.# ##
#..........#.#.#.......##...#
######.#.#.....#......##..§..#
..............)......####...###
###.#.........))@4D.'#..##.##D.
.......#.##...###.###....###..
.##.#.##.##...# #.##.....###.
.##.#.##.##...# ####....##
.##.#.##.##...####≈##..#+
.##.#.##.##...'##≈≈≈####
.##.#.##.##...##≈≈°≈≈##
.##.#.##..'...'##≈≈≈##
.##.#.#####...####≈##k


You could see an ice devil (poisoned) and a steam dragon.


Message History

You barely miss the kobold.
You feel sick.
The kobold brigand throws a poisoned dart.
The poisoned dart barely misses you. You block the kobold's attack. 😕 HP[-2]
You take 2 damage, and now have 76/80 hp.
You hit the kobold brigand.
The kobold brigand is poisoned.
You hit the kobold.
You kill the kobold!
You feel sick.
You slash the kobold brigand!
The kobold brigand looks as sick as possible!
You feel sick. The kobold brigand misses you. 😕 HP[-1]
You take 1 damage, and now have 75/80 hp.
You hit the kobold brigand.
The kobold brigand looks as sick as possible!
You bite the kobold brigand, but do no damage.
You feel sick.
The kobold brigand hits you with a +0 whip. 😕 HP[-5]
You take 5 damage, and now have 70/80 hp.
You hit the kobold brigand.
The kobold brigand looks as sick as possible!
You feel sick.
The kobold brigand hits you with a +0 whip.
The kobold brigand hits you but does no damage. 😕 HP[-6]
You take 6 damage, and now have 64/80 hp.
You hit the kobold brigand.
You kill the kobold brigand!
Okawaru accepts your kill.
You feel sick.
No target in view!
No target in view!
You feel sick.
You are no longer poisoned.
s - 32 poisoned darts {throwing} (gained 8)
Things that are here:
a +0 whip of venom {mace}; a +0 club {mace}; a kobold corpse 😎 HP[+16]
Your hp is fully restored (80).
e - 154 stones {throwing} (gained 1)
You see here a +0 short sword {short}.
s - 35 poisoned darts {throwing} (gained 3)
e - 164 stones {throwing} (gained 10)
Items here: ))) ††.
Found a stone staircase leading down.
You open the door.
There is an open door here.
You open the door.
There is an open door here.
You open the door.
There is an open door here.
You open the door.
There is an open door here.
There is an open door here.
There is an open door here.
f - 8 potions of curing {@q1} (gained 1)
e - 178 stones {throwing} (gained 14)
You see here a +0 short sword {short}.
Things that are here:
a +0 whip of venom {mace}; a +0 club {mace}; a kobold corpse You open the door.
An ice devil comes into view.
There is an open door here.
A steam dragon comes into view.
There is an open door here.
You hit the ice devil.
You hear an angry hiss.
You block the ice devil's attack.
You hit the ice devil but do no damage. Your bite misses the ice devil.
The ice devil hits you but does no damage.
You barely miss the ice devil. Your bite misses the ice devil.
The ice devil misses you.
You hit the ice devil.
You bite the ice devil, but do no damage.
The ice devil hits you. The ice devil freezes you! 😕 HP[-14]
You take 14 damage, and now have 66/80 hp.
You hit the ice devil.
The ice devil is poisoned.
The ice devil hits you. The ice devil freezes you! 😮 HP[-12]
You take 12 damage, and now have 54/80 hp.
You closely miss the ice devil. The ice devil hits you.
The ice devil freezes you! 😮 HP[-12]
You take 12 damage, and now have 42/80 hp.
You hit the ice devil but do no damage. You block the ice devil's attack.
You hit the ice devil but do no damage. The ice devil misses you.
You hit the ice devil but do no damage. Your bite misses the ice devil.
You block the ice devil's attack.
You hit the ice devil but do no damage. The ice devil hits you.
The ice devil freezes you!!
* * * LOW HITPOINT WARNING * * *
😱 HP[-22]
You take 22 damage, and now have 20/80 hp.
MASSIVE DAMAGE!! (PAUSE)
The ice devil hits you!
* * * LOW HITPOINT WARNING * * *
The ice devil freezes you!!
You die...

Skill      XL: |  1  2  3  4  5  6  7  8  9 |
---------------+----------------------------+-----
Short Blades   | 1 2 3 4 |  4.9
Long Blades    | 1 2 3 4 |  4.9
Maces & Flails | 1 2 3 4 |  4.9
Polearms       | 1 2 3 4 |  4.9
Staves         | 1 2 3 4 |  4.9
Slings         | 1 2 3 4 |  4.9
Bows           | 1 2 3 4 |  4.9
Crossbows      | 1 2 3 4 |  4.9
Throwing       | 1 2 3 4 |  4.9
Dodging        | 1 2 3 4 |  4.9
Stealth        | 1 2 3 4 |  4.9
Unarmed Combat | 1 2 3 4 |  4.9
Spellcasting   | 1 2 3 4 |  4.9
Invocations    | 1 2 3 4 5 |  5.3
Evocations     | 1 2 3 4 |  4.9
Conjurations   | 1 2 3 4 |  4.0
Hexes          | 1 2 3 4 |  4.0
Summonings     | 1 2 3 4 |  4.0
Necromancy     | 1 2 3 4 |  4.0
Translocations | 1 2 3 4 |  4.0
Transmutations | 1 2 3 4 |  4.0
Fire Magic     | 1 2 3 4 |  4.0
Ice Magic      | 1 2 3 4 |  4.0
Air Magic      | 1 2 3 4 |  4.0
Earth Magic    | 1 2 3 4 |  4.0
Poison Magic   | 1 2 3 4 |  4.0
Axes           | 5 6 |  6.7
Fighting       | 7 8 |  8.2
Armour         | 7 8 |  8.2
Shields        | 7 8 |  8.2

Action                   |  1- 3 |  4- 6 |  7- 9 | 10-12 || total
-------------------------+-------+-------+-------+-------++-------
Melee: War axe           |    54 |   136 |    98 |       ||   288
       Bite              |     3 |    10 |    56 |     4 ||    73
       Hand axe          |       |       |   329 |    26 ||   355
       Whip              |       |       |    53 |       ||    53
  Use: Scroll            |       |       |    12 |       ||    12
       Potion            |       |       |     5 |       ||     5
 Stab: Sleeping          |       |       |     4 |     1 ||     5
Armor: Scale mail        |    16 |    37 |       |       ||    53
       Robe              |       |     3 |    25 |     4 ||    32
       Steam dragon scal |       |    12 |   132 |       ||   144
Dodge: Dodged            |    28 |    61 |   261 |     8 ||   358
Block: Buckler           |    21 |    35 |   126 |     9 ||   191

Levels and vault maps discovered:
D:1:      lemuel_arrival_cross, layout_loops_cross
D:2:      layout_basic, hellmonk_ecumenical_altar_arch_garden, uniq_jessica,
          uniq_natasha
D:3:      layout_loops_ring, gammafunk_ghost_split
D:4:      layout_basic, minmay_temple_entry_overgrown
D:5:      layout_basic
D:6:      layout_basic, lemuel_round_altar, wad_floor_pattern_untrapped
D:7:      layout_loops_ring, mainiacjoe_overflow_small_starburst,
          enter_ossuary_2, uniq_menkaure
D:8:      layout_basic, marbit_many_paths, tgw_sif,
          dilly_guarded_unrand_elemental_staff
Temple:   mainiacjoe_temple_coin_purse

Notes
Turn   | Place    | Note
-------+----------+-------------------------------------------
     0 | D:1      | GrayStillPlays the Gnoll Fighter began the quest for the
                  | Orb.
     0 | D:1      | Reached XP level 1. HP: 23/23 MP: 1/1
     0 | D:1      | magus.rc [v1.9.6]
    93 | D:1      | Reached XP level 2. HP: 28/29 MP: 2/2
   558 | D:1      | Reached XP level 3. HP: 35/35 MP: 3/3
   755 | D:2      | Noticed Natasha
   768 | D:2      | Killed Natasha
   769 | D:2      | Reached skill level 1 in Short Blades
   769 | D:2      | Reached skill level 1 in Long Blades
   769 | D:2      | Reached skill level 1 in Maces & Flails
   769 | D:2      | Reached skill level 1 in Polearms
   769 | D:2      | Reached skill level 1 in Staves
   769 | D:2      | Reached skill level 1 in Slings
   769 | D:2      | Reached skill level 1 in Bows
   769 | D:2      | Reached skill level 1 in Crossbows
   769 | D:2      | Reached skill level 1 in Throwing
   769 | D:2      | Reached skill level 1 in Dodging
   769 | D:2      | Reached skill level 1 in Stealth
   769 | D:2      | Reached skill level 1 in Unarmed Combat
   769 | D:2      | Reached skill level 1 in Spellcasting
   769 | D:2      | Reached skill level 1 in Invocations
   769 | D:2      | Reached skill level 1 in Evocations
   769 | D:2      | Reached XP level 4. HP: 32/41 MP: 5/5
   845 | D:2      | Noticed Natasha
   858 | D:2      | Killed Natasha
   952 | D:2      | Reached skill level 1 in Conjurations
   952 | D:2      | Reached skill level 1 in Hexes
   952 | D:2      | Reached skill level 1 in Summonings
   952 | D:2      | Reached skill level 1 in Necromancy
   952 | D:2      | Reached skill level 1 in Translocations
   952 | D:2      | Reached skill level 1 in Transmutations
   952 | D:2      | Reached skill level 1 in Fire Magic
   952 | D:2      | Reached skill level 1 in Ice Magic
   952 | D:2      | Reached skill level 1 in Air Magic
   952 | D:2      | Reached skill level 1 in Earth Magic
   952 | D:2      | Reached skill level 1 in Poison Magic
  1028 | D:2      | Found a faded altar of an unknown god.
  1084 | D:2      | Noticed Jessica
  1146 | D:1      | HP: 3/41 [iguana (11)]
  1462 | D:2      | Killed Jessica
  1462 | D:2      | Noticed Natasha
  1463 | D:2      | Reached XP level 5. HP: 20/47 MP: 5/7
  1645 | D:2      | Killed Natasha
  1985 | D:3      | Noticed Owwww's ghost (amateur DsFi)
  2603 | D:3      | Found a runed translucent gate.
  2604 | D:3      | Found a runed translucent gate.
  2637 | D:3      | Found a runed translucent gate.
  2795 | D:4      | Noticed a steam dragon
  2878 | D:4      | Killed a steam dragon
  2879 | D:4      | Reached skill level 2 in Short Blades
  2879 | D:4      | Reached skill level 2 in Long Blades
  2879 | D:4      | Reached skill level 5 in Axes
  2879 | D:4      | Reached skill level 2 in Maces & Flails
  2879 | D:4      | Reached skill level 2 in Polearms
  2879 | D:4      | Reached skill level 2 in Staves
  2879 | D:4      | Reached skill level 2 in Slings
  2879 | D:4      | Reached skill level 2 in Bows
  2879 | D:4      | Reached skill level 2 in Crossbows
  2879 | D:4      | Reached skill level 2 in Throwing
  2879 | D:4      | Reached skill level 2 in Dodging
  2879 | D:4      | Reached skill level 2 in Stealth
  2879 | D:4      | Reached skill level 2 in Unarmed Combat
  2879 | D:4      | Reached skill level 2 in Spellcasting
  2879 | D:4      | Reached skill level 2 in Invocations
  2879 | D:4      | Reached skill level 2 in Evocations
  2879 | D:4      | Reached XP level 6. HP: 33/53 MP: 7/9
  3241 | D:4      | Reached XP level 7. HP: 59/59 MP: 10/10
  3249 | D:4      | Reached skill level 7 in Fighting
  3249 | D:4      | Reached skill level 7 in Armour
  3249 | D:4      | Reached skill level 7 in Shields
  3531 | D:4      | Reached skill level 2 in Conjurations
  3531 | D:4      | Reached skill level 2 in Hexes
  3531 | D:4      | Reached skill level 2 in Summonings
  3531 | D:4      | Reached skill level 2 in Necromancy
  3531 | D:4      | Reached skill level 2 in Translocations
  3531 | D:4      | Reached skill level 2 in Transmutations
  3531 | D:4      | Reached skill level 2 in Fire Magic
  3531 | D:4      | Reached skill level 2 in Ice Magic
  3531 | D:4      | Reached skill level 2 in Air Magic
  3531 | D:4      | Reached skill level 2 in Earth Magic
  3531 | D:4      | Reached skill level 2 in Poison Magic
  3703 | D:4      | Found a staircase to the Ecumenical Temple.
  3722 | Temple   | Entered the Ecumenical Temple
  3884 | Temple   | Became a worshipper of Warmaster Okawaru
  4142 | D:5      | Entered Level 5 of the Dungeon
  4179 | D:5      | HP: 12/60 [ogre (29)]
  4681 | D:5      | Reached skill level 3 in Invocations
  4769 | D:5      | You pick up a book of Unlife and begin reading...
  4917 | D:5      | HP: 15/60 [poisoned by a scorpion]
  5221 | D:5      | Reached XP level 8. HP: 67/67 MP: 12/12
  5284 | D:5      | Reached skill level 3 in Short Blades
  5284 | D:5      | Reached skill level 3 in Long Blades
  5284 | D:5      | Reached skill level 3 in Maces & Flails
  5284 | D:5      | Reached skill level 3 in Polearms
  5284 | D:5      | Reached skill level 3 in Staves
  5284 | D:5      | Reached skill level 3 in Slings
  5284 | D:5      | Reached skill level 3 in Bows
  5284 | D:5      | Reached skill level 3 in Crossbows
  5284 | D:5      | Reached skill level 3 in Throwing
  5284 | D:5      | Reached skill level 3 in Dodging
  5284 | D:5      | Reached skill level 3 in Stealth
  5284 | D:5      | Reached skill level 3 in Unarmed Combat
  5284 | D:5      | Reached skill level 3 in Spellcasting
  5284 | D:5      | Reached skill level 3 in Evocations
  5444 | D:6      | Found a radiant altar of Vehumet.
  5566 | D:6      | Reached * piety under Okawaru
  6550 | D:7      | Found a shadowy altar of Dithmenos.
  6565 | D:7      | Reached skill level 3 in Conjurations
  6565 | D:7      | Reached skill level 3 in Hexes
  6565 | D:7      | Reached skill level 3 in Summonings
  6565 | D:7      | Reached skill level 3 in Necromancy
  6565 | D:7      | Reached skill level 3 in Translocations
  6565 | D:7      | Reached skill level 3 in Transmutations
  6565 | D:7      | Reached skill level 3 in Fire Magic
  6565 | D:7      | Reached skill level 3 in Ice Magic
  6565 | D:7      | Reached skill level 3 in Air Magic
  6565 | D:7      | Reached skill level 3 in Earth Magic
  6565 | D:7      | Reached skill level 3 in Poison Magic
  6565 | D:7      | Reached skill level 4 in Invocations
  6743 | D:7      | Reached ** piety under Okawaru
  6744 | D:7      | Reached skill level 6 in Axes
  6745 | D:7      | Reached XP level 9. HP: 37/72 MP: 14/14
  6780 | D:7      | Found a sand-covered staircase.
  6780 | D:7      | Noticed Menkaure
  6790 | D:7      | HP: 18/73 [??? (15)]
  6795 | D:7      | HP: 16/73 [Menkaure (12)]
  6800 | D:7      | Killed Menkaure
  6804 | Ossuary  | Entered an ossuary
  7353 | Ossuary  | Reached skill level 4 in Short Blades
  7353 | Ossuary  | Reached skill level 4 in Long Blades
  7353 | Ossuary  | Reached skill level 4 in Maces & Flails
  7353 | Ossuary  | Reached skill level 4 in Polearms
  7353 | Ossuary  | Reached skill level 4 in Staves
  7353 | Ossuary  | Reached skill level 4 in Slings
  7353 | Ossuary  | Reached skill level 4 in Bows
  7353 | Ossuary  | Reached skill level 4 in Crossbows
  7353 | Ossuary  | Reached skill level 4 in Throwing
  7353 | Ossuary  | Reached skill level 4 in Dodging
  7353 | Ossuary  | Reached skill level 4 in Stealth
  7353 | Ossuary  | Reached skill level 4 in Unarmed Combat
  7353 | Ossuary  | Reached skill level 4 in Spellcasting
  7353 | Ossuary  | Reached skill level 4 in Evocations
  7465 | Ossuary  | Identified a scroll of acquirement
  7466 | Ossuary  | Acquired a book of Hexes
  7467 | Ossuary  | You pick up a book of Hexes and begin reading...
  7467 | Ossuary  | You add the spells Inner Flame, Cause Fear and Discord to
                  | your library.
  7515 | D:7      | Identified the +4 robe of the Monkey's Uncle {MP+9 Dex+4}
  7531 | D:7      | Reached *** piety under Okawaru
  8825 | D:7      | Reached skill level 8 in Fighting
  8825 | D:7      | Reached skill level 8 in Armour
  8825 | D:7      | Reached skill level 8 in Shields
  8906 | D:7      | Reached skill level 5 in Invocations
  9082 | D:7      | Reached **** piety under Okawaru
  9328 | D:8      | Reached skill level 4 in Conjurations
  9328 | D:8      | Reached skill level 4 in Hexes
  9328 | D:8      | Reached skill level 4 in Summonings
  9328 | D:8      | Reached skill level 4 in Necromancy
  9328 | D:8      | Reached skill level 4 in Translocations
  9328 | D:8      | Reached skill level 4 in Transmutations
  9328 | D:8      | Reached skill level 4 in Fire Magic
  9328 | D:8      | Reached skill level 4 in Ice Magic
  9328 | D:8      | Reached skill level 4 in Air Magic
  9328 | D:8      | Reached skill level 4 in Earth Magic
  9328 | D:8      | Reached skill level 4 in Poison Magic
  9328 | D:8      | Reached XP level 10. HP: 80/80 MP: 17/17
  9390 | D:8      | Learned a level 3 spell: Inner Flame
  9802 | D:8      | HP: 20/80 [ice devil (21)]
  9806 | D:8      | Mangled by an ice devil

Vanquished Creatures
  4 yaks (D:7)
  A steam dragon (D:4)
  Menkaure (D:7)
  2 water moccasins
  2 sky beasts
  An ice beast (D:6)
  A necrophage (D:7)
  3 ogres
  3 centaurs (D:7)
  A bullfrog (D:8)
  3 kobold brigands
  2 scorpions
  A wyvern zombie (D:7)
  A water moccasin zombie (D:7)
  3 howler monkeys (D:7)
  2 centaur zombies (D:7)
  2 hounds (D:4)
  2 orc priests
  2 centaur skeletons
  2 gnoll shamans
  Jessica (D:2)
  Natasha (thrice) (D:2)
  3 iguanas
  5 orc wizards
  4 mummies (Ossuary)
  10 gnolls
  4 adders
  A shadow imp (D:7)
  An adder skeleton (D:4)
  A worm (D:4)
  2 dart slugs
  21 orcs
  5 bats
  8 endoplasms
  3 giant cockroaches
  3 gnoll zombies (Ossuary)
  8 goblins
  5 hobgoblins
  4 quokkas
  5 ball pythons
  3 frilled lizards
  2 gnoll skeletons (Ossuary)
  4 goblin skeletons (Ossuary)
  3 goblin zombies (Ossuary)
  23 kobolds
  8 kobold skeletons (Ossuary)
  A kobold zombie (Ossuary)
  8 orc skeletons (Ossuary)
  8 orc zombies (Ossuary)
  4 rats (D:1)
  3 rat skeletons (Ossuary)
  10 rat zombies (Ossuary)
213 creatures vanquished.

Table legend:
 A = Non-vault XP
 B = Vault XP
 C = Vault XP percentage of total XP
 D = Non-vault monster count
 E = Vault monster count
 F = Vault count percentage of total count
                 A         B        C        D         E       F
            +---------+---------+-------+---------+---------+-------
      Total |    4554 |     370 |   7.5 |     156 |      57 |  26.8
            +---------+---------+-------+---------+---------+-------
        D:1 |      86 |       0 |   0.0 |      24 |       0 |   0.0
        D:2 |      79 |      73 |  48.0 |       8 |       2 |  20.0
        D:3 |      46 |       0 |   0.0 |      21 |       0 |   0.0
        D:4 |     583 |       0 |   0.0 |      26 |       0 |   0.0
        D:5 |     495 |       0 |   0.0 |      12 |       0 |   0.0
        D:6 |     703 |       0 |   0.0 |      14 |       0 |   0.0
        D:7 |    2236 |     172 |   7.1 |      43 |       1 |   2.3
        D:8 |     326 |       0 |   0.0 |       8 |       0 |   0.0
    Ossuary |       0 |     125 | 100.0 |       0 |      54 | 100.0
            +---------+---------+-------+---------+---------+-------

Illustrated notes

Table legend:
 A = Kills in this place as a percentage of kills in entire the game.
 B = Kills by you in this place as a percentage of kills by you in the entire game.
 C = Kills by friends in this place as a percentage of kills by friends in the entire game.
 D = Other kills in this place as a percentage of other kills in the entire game.
 E = Experience gained in this place as a percentage of experience gained in the entire game.
 F = Experience gained in this place divided by the number of levels of this place that you have seen.
                   A       B       C       D       E      F
               +-------+-------+-------+-------+-------+----------------------
         Total | 100.0 | 100.0 |   N/A |   N/A | 100.0 | 492.4
       Dungeon |  74.6 |  74.6 |   N/A |   N/A |  97.5 | 599.9
       Ossuary |  25.4 |  25.4 |   N/A |   N/A |   2.5 | 125.0
               +-------+-------+-------+-------+-------+----------------------

Table legend: (Time is in decaauts)
 A = Elapsed time spent in this place.
 B = Non-inter-level travel time spent in this place.
 C = Inter-level travel time spent in this place.
 D = Time resting spent in this place.
 E = Time spent auto-exploring this place.
 F = Levels seen in this place.
 G = Mean time per level.
                   A        B        C        D        E       F      G
               +--------+--------+--------+--------+--------+-----+--------+
         Total |   9901 |   9635 |    266 |   2020 |   5498 |  10 |  990.1 |
       Dungeon |   9079 |   8845 |    234 |   1777 |   5376 |   8 | 1134.9 |
        Temple |    171 |    139 |     32 |      0 |    122 |   1 |  171.0 |
       Ossuary |    650 |    650 |      0 |    243 |      0 |   1 |  650.0 |
               +--------+--------+--------+--------+--------+-----+--------+

Top non-repeatable levels by time:
     D:6: 1811 daAuts
     D:7: 1441 daAuts
     D:4: 1308 daAuts
     D:1: 1229 daAuts
     D:5: 1085 daAuts
     D:3: 946 daAuts
     D:2: 769 daAuts
 Ossuary: 650 daAuts
     D:8: 488 daAuts
  Temple: 171 daAuts
